 Dungeon Crawl Stone Soup version 0.30-a0-1008-g30c9307041 (webtiles) character file.

Game seed: 14461705092793326849

154 Pimp the Digger (level 5, 0/48 HPs)
             Began as a Troll Earth Elementalist on Apr 5, 2023.
             Slain by an ogre
             ... wielding a +0 giant spiked club
              (19 damage)
             ... on level 4 of the Dungeon.
             The game lasted 00:05:34 (1837 turns).

Pimp the Digger (Troll Earth Elementalist)          Turns: 1837, Time: 00:05:34

Health: 0/48       AC:  4    Str: 16    XL:     5   Next: 13%
Magic:  6/6        EV: 10    Int: 13    God:
Gold:   167        SH:  0    Dex: 10    Spells: 6/7 levels left

rFire   . . .      SeeInvis .      - Unarmed
rCold   . . .      Faith    .    (no shield)
rNeg    . . .      Spirit   .    a - +0 robe
rPois   .          Reflect  .    (helmet restricted)
rElec   .          Rampage  .    (no cloak)
rCorr   .                        (gloves unavailable)
Will    .....                    (boots unavailable)
Stlth   +                        (no amulet)
HPRegen 1.08/turn                (no ring)
MPRegen 0.10/turn                (no ring)

@: no status effects
A: large, unfitting armour, claws 3, regeneration 1, shaggy fur 1, tough skin 1
a: no special abilities


You were on level 4 of the Dungeon.
You visited 1 branch of the dungeon, and saw 4 of its levels.

You collected 167 gold pieces.

Inventory:

Armour
 a - a +0 robe (worn)
Jewellery
 i - a ring of protection from cold
 m - a ring of wizardry
Scrolls
 c - a scroll of fear {unknown}
 d - 3 scrolls of vulnerability {unknown}
 e - 3 scrolls of silence {unknown}
 g - 2 scrolls of identify {unknown}
 j - 2 scrolls of amnesia {unknown}
 k - a scroll of teleportation {unknown}
 l - 2 scrolls of blinking {unknown}
 n - 2 scrolls of poison {unknown}
 o - a scroll of acquirement {unknown}
 p - a scroll of enchant armour {unknown}
Potions
 b - a potion of magic
 f - 3 potions of curing {unknown}
 h - a potion of heal wounds {unknown}


   Skills:
 + Level 1.2 Fighting
 + Level 2.3 Dodging
 - Level 1.0 Stealth
 + Level 1.5 Unarmed Combat
 + Level 1.8 Spellcasting
 + Level 1.6 Transmutations
 + Level 3.2 Earth Magic


You had 6 spell levels left.
You knew the following spells:

 Your Spells              Type           Power      Damage    Failure   Level
a - Sandblast             Erth           18%        2d7       7%          1

Your spell library contained the following spells:

 Spells                   Type           Power      Damage    Failure   Level
 Passwall                 Tmut/Erth      5%         N/A       14%         2
 Stone Arrow              Conj/Erth      10%        3d7       36%         3
 Petrify                  Tmut/Erth      7%         N/A       67%         4
 Fireball                 Conj/Fire      0%         3d3       100%        5
 Iskenderun's Battlesphe  Conj           1%         2d6       100%        5
 Conjure Ball Lightning   Conj/Air       0%         3x3d6     100%        6
 Orb of Destruction       Conj           0%         9d5       100%        7


Dungeon Overview and Level Annotations

Branches:
Dungeon (4/15)
 Temple: D:4-7

Altars:
Nemelex Xobeh


Innate Abilities, Weirdness & Mutations

You are too large for most types of armour.
You have claws for hands.
Your natural rate of healing is unusually fast.
You are covered in fur. (AC +1)
You have tough skin. (AC +1)


Message History

You closely miss the adder.
The adder is heavily wounded.
You feel sick. The adder bites you.
You miss the adder.
The adder is heavily wounded.
You feel sick.
You are no longer poisoned.
The adder bites you but does no damage.
You claw the adder!
You kill the adder!
You scratch the endoplasm.
The endoplasm is almost dead.
The endoplasm closely misses you.
You scratch the endoplasm.
You kill the endoplasm!
You see here an adder corpse.
HP restored.
You now have 156 gold pieces (gained 11).
You now have 167 gold pieces (gained 11).
An ogre comes into view. It is wielding a +0 giant spiked club.
The ogre shouts!
An orc comes into view. It is wielding a +0 falchion.
There are monsters nearby! 2 orcs come into view.
An orc wizard comes into view. It is wielding a +0 dagger.
An orc priest comes into view. It is wielding a +0 club.
The orc shouts!
The orc priest shouts!
The orc shouts!
You hear a shout!
Found a scroll labelled CITHRYXTE FUTU.
The orc shouts!
The ogre hits you with a +0 giant spiked club!
You closely miss the ogre. You barely miss the ogre.
The ogre hits you with a +0 giant spiked club!!
Ouch! That really hurt!
The orc closely misses you.
The orc wizard casts a spell.
The orc wizard flickers and vanishes!
Deactivating autopickup; reactivate with Ctrl-A.
The ogre hits you with a +0 giant spiked club!!
You die...

?.⌠...⌠ ....... ##.
⌠...>.. ... .......
#.# ..⌠...⌠ #.#
....oo.######.#
......oO...##.#
...#.{o.@..##.########
...).......†..†......#
#.##.......##.#..###.#
..>........##.#..###.#
......####.##......#.#
#.#### #.####..#.#.# #
##.####......#
#......)##.###
#.####.###.#


You could see an ogre, an orc priest and 3 orcs.

Vanquished Creatures
  7 adders
  3 worms (D:3)
  2 dart slugs
  An orc (D:3)
  4 ball pythons
  8 endoplasms
  4 giant cockroaches
  6 goblins
  10 hobgoblins
  2 jackals (D:1)
  5 quokkas
  8 bats
  6 frilled lizards
  4 kobolds
  6 rats
76 creatures vanquished.

Notes
Turn   | Place    | Note
-------+----------+-------------------------------------------
     0 | D:1      | Pimp the Troll Earth Elementalist began the quest for the
                  | Orb.
     0 | D:1      | Reached XP level 1. HP: 16/16 MP: 1/1
   125 | D:1      | Reached XP level 2. HP: 24/24 MP: 3/3
   161 | D:1      | Reached skill level 1 in Transmutations
   393 | D:1      | Reached XP level 3. HP: 32/32 MP: 4/4
   740 | D:2      | Found a sparkling altar of Nemelex Xobeh.
   794 | D:2      | Reached skill level 3 in Earth Magic
   813 | D:2      | Reached skill level 1 in Unarmed Combat
  1193 | D:3      | Reached XP level 4. HP: 36/40 MP: 5/5
  1631 | D:3      | Reached skill level 1 in Fighting
  1713 | D:3      | Reached XP level 5. HP: 47/48 MP: 6/6
  1831 | D:4      | Noticed an ogre
  1837 | D:4      | Slain by an ogre

Illustrated notes

Levels and vault maps discovered:
D:1:      wander_arrival_peaceful_grave, layout_basic, serial_curves,
          eino_curves_03, eino_curves_03, roderic_filled_cross,
          minmay_hexomino_p4
D:2:      layout_rooms, basic_altar
D:3:      minmay_chambers_of_threes, layout_basic
D:4:      minmay_evil_eye, layout_loops_cross, lemuel_round_altar,
          mainiacjoe_overflow_small_starburst, nemelex_dance_club_becter,
          grunt_ministairs_2

Skill      XL: |  1  2  3  4 |
---------------+-------------+-----
Transmutations | 1 |  1.6
Earth Magic    | 3 |  3.2
Unarmed Combat | 1 |  1.5
Dodging        | 2 |  2.3
Fighting       | 1 |  1.2
Stealth        | |  1.0
Spellcasting   | |  1.8

Action                     |  1- 3 |  4- 6 || total
---------------------------+-------+-------++-------
  Melee: Unarmed           |   150 |   113 ||   263
         Punch             |     1 |     3 ||     4
   Stab: Sleeping          |     3 |       ||     3
 Armour: Robe              |    63 |    53 ||   116
  Dodge: Dodged            |   106 |    76 ||   182

Table legend: (Time is in decaauts)
 A = Elapsed time spent in this place.
 B = Non-inter-level travel time spent in this place.
 C = Inter-level travel time spent in this place.
 D = Time resting spent in this place.
 E = Time spent auto-exploring this place.
 F = Levels seen in this place.
 G = Mean time per level.
                   A        B        C        D        E       F      G
               +--------+--------+--------+--------+--------+-----+--------+
         Total |   1831 |   1789 |     42 |      4 |   1173 |   4 |  457.8 |
       Dungeon |   1831 |   1789 |     42 |      4 |   1173 |   4 |  457.8 |
               +--------+--------+--------+--------+--------+-----+--------+

Top non-repeatable levels by time:
     D:3: 669 daAuts
     D:1: 663 daAuts
     D:2: 426 daAuts
     D:4: 72 daAuts
